 Dungeon Crawl Stone Soup version 0.22.1-2-g9c5b331 (webtiles) character file.

249 redwoodhats the Sneak (level 5, -2/43 HPs)
             Began as a Vampire Gladiator on Nov 26, 2018.
             Slain by an orc
             ... wielding a +0 falchion
              (5 damage)
             ... on level 4 of the Dungeon on Nov 27, 2018.
             The game lasted 00:19:00 (3042 turns).

redwoodhats the Sneak (Vampire Gladiator)           Turns: 3042, Time: 00:19:03

Health: -2/43      AC:  5    Str: 13    XL:     5   Next: 87%
Magic:  9/9        EV: 15    Int: 11    God:
Gold:   258        SH:  0    Dex: 16    Spells: 9/9 levels left

rFire    . . .     SeeInvis +   a - +1 rapier
rCold    . . .     Gourm    .   (no shield)
rNeg     + + .     Faith    .   b - +0 leather armour
rPois    .         Spirit   .   c - +0 helmet
rElec    .         Reflect  .   l - +0 cloak
rCorr    .         Harm     .   (no gloves)
MR       .....                  (no boots)
Stlth    +++.......             e - amulet of magic regeneration
HPRegen  0.14/turn              f - ring of positive energy
MPRegen  0.36/turn              (no ring)

@: lethally poisoned (-2 -> -6)
A: fangs 3, see invisible, unbreathing
a: Bat Form


You were on level 4 of the Dungeon.
You were not thirsty.

You visited 1 branch of the dungeon, and saw 4 of its levels.

You collected 289 gold pieces.
You paid 31 gold pieces to Gozag.

Inventory:

Hand Weapons
 a - a +1 rapier (weapon)
 m - a +1 dagger of electrocution
 p - a +0 spear
 q - a +0 flail
 u - a +0 hunting sling
Missiles
 d - 5 throwing nets (quivered)
 i - 23 arrows
 v - 36 stones
Armour
 b - a +0 leather armour (worn)
 c - a +0 helmet (worn)
 g - a +0 leather armour
 l - a +0 cloak (worn)
Jewellery
 e - an amulet of magic regeneration (around neck)
 f - a ring of positive energy (left hand)
Scrolls
 h - a scroll of random uselessness
 j - 3 scrolls of identify
 n - 2 scrolls of fear
 o - a scroll of amnesia
Potions
 r - 3 potions of blood
 t - a potion of magic {unknown}
Comestibles
 k - 9 rations


   Skills:
 + Level 4.8 Fighting
 + Level 5.5 Short Blades
 + Level 2.6 Polearms
 + Level 3.0 Throwing
 + Level 3.8 Armour
 + Level 5.7 Dodging
 + Level 7.0 Stealth
 + Level 3.2 Unarmed Combat
 + Level 2.9 Spellcasting


You had 9 spell levels left.
You didn't know any spells.
Your spell library was empty.

Dungeon Overview and Level Annotations

Branches:
Dungeon (4/15)
 Temple: D:4-7

Altars:
Gozag

Shops:
D:2 *


Innate Abilities, Weirdness & Mutations

You have razor-sharp teeth.
You have supernaturally acute eyesight. (SInv)
You can survive without breathing.


Message History

* * * LOW HITPOINT WARNING * * *
You see here a golden potion.
The orc misses you.
A worker ant comes into view.
The orc closely misses you.
The worker ant twitches its antennae in your direction.
The orc completely misses you. The worker ant barely misses you.
The orc rages.
The worker ant bites you.
* * * LOW HITPOINT WARNING * * *
You are lethally poisoned!
The worker ant poisons you!
An ogre comes into view. It is wielding a giant club.
Gozag incites the ogre against you.
The ogre shouts!
The ogre goes berserk!
* * * LOW HITPOINT WARNING * * *
You feel sick. The orc hits you with a falchion.
You die...

.##.#.......##.##.##.#
###...##...###......:#
...######.## ##!######
##.# ### #o# ##.# #.#
##. #o# .#. #o# # #o##
. #.@# # ##a# #.# #.#
#.# #.# #.# O.#


You could see an ogre (berserk), a worker ant and 4 orcs.

Vanquished Creatures
  4 gnolls (D:3)
  4 adders
  An ooze (D:3)
  An adder zombie (D:1)
  4 worms
  A dart slug (D:2)
  3 leopard geckos
  3 orcs
  A ball python (D:1)
  A bat zombie (D:1)
  2 giant cockroaches (D:2)
  12 goblins
  4 hobgoblins
  5 jackals
  A quokka (D:3)
  8 bats
  2 frilled lizards
  6 kobolds
  10 rats
73 creatures vanquished.

Notes
Turn   | Place    | Note
-------+----------+-------------------------------------------
     0 | D:1      | redwoodhats the Vampire Gladiator began the quest for the
                  | Orb.
     0 | D:1      | Reached XP level 1. HP: 16/16 MP: 1/1
   229 | D:1      | Reached XP level 2. HP: 18/22 MP: 2/2
   946 | D:2      | Found Gozag's Platinum Reserve.
   954 | D:2      | Found an opulent altar of Gozag.
   977 | D:2      | Reached XP level 3. HP: 20/27 MP: 3/3
  1037 | D:2      | Became a worshipper of Gozag Ym Sagoz the Greedy
  1706 | D:2      | Reached XP level 4. HP: 32/33 MP: 4/4
  1938 | D:2      | Reached skill level 5 in Short Blades
  1938 | D:2      | Reached skill level 5 in Dodging
  1938 | D:2      | Reached skill level 6 in Stealth
  1938 | D:2      | Reached XP level 5. HP: 43/43 MP: 4/9
  1993 | D:3      | Fell from the grace of Gozag
  2833 | D:3      | Reached skill level 7 in Stealth
  3042 | D:4      | Noticed an ogre
  3042 | D:4      | Slain by an orc

Skill      XL: |  1  2  3  4  5 |
---------------+----------------+-----
Fighting       | 2 4 |  4.8
Short Blades   | 4 5 |  5.5
Dodging        | 4 5 |  5.7
Polearms       | 2 |  2.6
Throwing       | 3 |  3.0
Armour         | 3 |  3.8
Stealth        | 6 7 |  7.0
Unarmed Combat | 3 |  3.2
Spellcasting   | 2 |  2.9

Action                   |  1- 3 |  4- 6 || total
-------------------------+-------+-------++-------
Melee: Rapier            |    87 |    55 ||   142
       Bite              |    20 |     7 ||    27
       Dagger            |    25 |    53 ||    78
       Unarmed           |    29 |     3 ||    32
       Punch             |       |     1 ||     1
Throw: Throwing net      |     1 |     1 ||     2
Invok: Renounce Religion |       |     1 ||     1
 Abil: End Transformatio |     1 |     1 ||     2
       Bat Form          |     1 |     1 ||     2
  Use: Scroll            |     3 |     2 ||     5
       Potion            |     4 |     2 ||     6
 Stab: Sleeping          |     2 |     5 ||     7
  Eat: Corpse            |       |     7 ||     7
Armor: Leather armour    |    60 |    29 ||    89
Dodge: Dodged            |   188 |    80 ||   268
